 Dungeon Crawl Stone Soup version 0.18-a0-1805-g8ab820f (webtiles) character file.

158 warlockg3 the Shield-Bearer (level 5, -7/33 HPs)
             Began as a Gargoyle Fighter on Apr 26, 2016.
             Killed by nerve-wracking pain
             ... invoked by an orc priest
              (13 damage)
             ... on level 4 of the Dungeon.
             The game lasted 00:05:10 (2305 turns).

warlockg3 the Shield-Bearer (Gargoyle Fighter)      Turns: 2305, Time: 00:05:11

Health: -7/33      AC: 11    Str: 21    XL:     5   Next: 40%
Magic:  5/5        EV:  8    Int:  8    God:
Gold:   123        SH:  9    Dex:  9    Spells: 0 memorised, 4 levels left

rFire  . . .     SeeInvis .     a - +0 long sword
rCold  . . .     Gourm    .     b - +0 scale mail
rNeg   + . .     Faith    .     c - +0 shield
rPois  ∞         Spirit   .     (no helmet)
rElec  +         Dismiss  .     (no cloak)
rCorr  .         Reflect  .     (no gloves)
SustAt .         Harm     .     (no boots)
MR     .....                    (no amulet)
Stlth  ..........               (no ring)
                                (no ring)

@: not resistant to hostile enchantments, extremely unstealthy
A: negative energy resistance 1, electricity resistance, unbreathing,
petrification resistance, rot immunity, AC +4
a: no special abilities


You were on level 4 of the Dungeon.
You were hungry.

You visited 1 branch of the dungeon, and saw 4 of its levels.

You collected 123 gold pieces.

Inventory:

Hand Weapons
 a - a +0 long sword (weapon)
 t - a +3 quarterstaff of speed
Armour
 b - a +0 scale mail (worn)
 c - a +0 shield (worn)
Jewellery
 d - a +1 ring of evasion {unknown}
Wands
 q - a wand of polymorph (7/24)
Scrolls
 e - a scroll of enchant weapon {unknown}
 h - a scroll of immolation {unknown}
 j - 4 scrolls of teleportation {unknown}
 k - 3 scrolls of remove curse {unknown}
 l - 2 scrolls of blinking {unknown}
 m - a scroll of enchant armour {unknown}
 o - a scroll of identify {unknown}
Potions
 g - a potion of cancellation {unknown}
 r - a potion of invisibility {unknown}
 s - a potion of brilliance {unknown}
Comestibles
 f - 2 bread rations
 i - 2 meat rations
 n - a beef jerky
 p - a slice of pizza


   Skills:
 + Level 3.8 Fighting
 + Level 2.5 Long Blades
 + Level 4.1 Armour
 + Level 1.7 Dodging
 + Level 4.3 Shields


You had 4 spell levels left.
You didn't know any spells.

Dungeon Overview and Level Annotations

Branches:
Dungeon (4/15)
 Temple: D:4-7

Altars:
Dithmenos
Pakellas


Innate Abilities, Weirdness & Mutations

You are resistant to torment.
Your stone body is resilient (AC +4).
You are immune to poison.
You resist negative energy.
You are resistant to electric shocks.
You can survive without breathing.
You are immune to petrification.
You are immune to rotting.


Message History

The orc priest hits you but does no damage.
You hit the orc priest but do no damage.
The orc priest hits you but does no damage.
You hit the orc priest but do no damage.
The orc priest hits you but does no damage.
You are feeling hungry.
You barely miss the orc priest.
The orc priest invokes the aid of Beogh against you.
Beogh smites you!
You barely miss the orc priest.
The orc priest invokes the aid of Beogh against you.
Pain shoots through your body!
* * * LOW HITPOINT WARNING * * *
You barely miss the orc priest. The orc priest barely misses you.
The orc priest hits you but does no damage.
You hit the orc priest.
The orc priest is moderately wounded.
The orc priest calls down the wrath of Beogh upon you.
Pain shoots through your body!
You die...

### #@# #o# ##o#
######.####
#.........###
#...........###
#..........<..#
..................#
..................#


You could see an orc priest and an orc.

Vanquished Creatures
  An orc priest (D:4)
  2 river rats (D:3)
  4 adders
  An ooze (D:1)
  A worm (D:2)
  2 dart slugs
  A giant gecko (D:3)
  3 orcs
  5 ball pythons
  6 bats
  6 giant cockroaches
  6 goblins
  6 hobgoblins
  5 kobolds
  4 quokkas
  4 giant newts
  5 rats
62 creatures vanquished.

Notes
Turn   | Place    | Note
--------------------------------------------------------------
     0 | D:1      | warlockg3 the Gargoyle Fighter began the quest for the Orb.
     0 | D:1      | Reached XP level 1. HP: 14/14 MP: 1/1
    70 | D:1      | Reached XP level 2. HP: 16/19 MP: 2/2
   211 | D:1      | Reached XP level 3. HP: 19/23 MP: 3/3
   804 | D:2      | Found an oddly glowing altar of Pakellas.
  1057 | D:2      | You fall through a shaft!
  1083 | D:2      | Reached XP level 4. HP: 22/29 MP: 4/4
  1713 | D:3      | Found a shadowy altar of Dithmenos.
  1799 | D:3      | Reached skill level 1 in Dodging
  2175 | D:3      | Reached XP level 5. HP: 33/33 MP: 5/5
  2305 | D:4      | Killed from afar by an orc priest

Vault maps used:
D:1:      dpeg_arrival_tiny_d, minmay_misc_feat_secret_circle
D:2:      lemuel_doored_altar
D:3:      nicolae_dithmenos_shadow_blocks, portal_sewer_entry_e
D:4:      gammafunk_temple_overflow_wave, uniq_natasha

Skill      XL: |  1  2  3  4 |
---------------+-------------+-----
Long Blades    | 2 |  2.5
Shields        | 4 |  4.3
Dodging        | 1 |  1.7
Armour         | 4 |  4.1
Fighting       | |  3.8

Action                   |  1- 3 |  4- 6 || total
-------------------------+-------+-------++-------
Melee: Long sword        |   109 |   111 ||   220
  Use: Potion            |       |     1 ||     1
  Eat: Bread ration      |       |     1 ||     1
Armor: Scale mail        |    64 |    77 ||   141
Dodge: Dodged            |    43 |    41 ||    84
Block: Shield            |    77 |    80 ||   157
